 Dungeon Crawl Stone Soup version 0.25-a0-166-g16436c4407 (webtiles) character file.

Game seed: 9931742025510152572, levelgen mode: deterministic

137 Leeroy the Conjurer (level 5, -27/38 HPs)
             Began as a Draconian Conjurer on Nov 24, 2019.
             Killed from afar by a hobgoblin zombie (30 damage)
             ... with an exploding inner flame
             ... hexed by the player character
             ... in an ossuary.
             The game lasted 00:07:07 (2580 turns).

Leeroy the Conjurer (Draconian Conjurer)            Turns: 2580, Time: 00:07:07

Health: -27/38     AC:  6    Str: 11    XL:     5   Next: 0%
Magic:  5/8        EV: 12    Int: 20    God:
Gold:   92         SH:  0    Dex: 12    Spells: 1/8 levels left

rFire    . . .     SeeInvis .   c - +6 dagger (speed)
rCold    . . .     Gourm    .   (no shield)
rNeg     . . .     Faith    .   (armour unavailable)
rPois    .         Spirit   .   (helmet restricted)
rElec    .         Reflect  .   (no cloak)
rCorr    .         Harm     .   t - +0 pair of gloves
MR       .....                  (no boots)
Stlth    ++........             (no amulet)
HPRegen  0.12/turn              (no ring)
MPRegen  0.11/turn              (no ring)

@: brilliant
A: unfitting armour, cold-blooded, AC +5
a: no special abilities


You were in an ossuary.
You were near starving.

You visited 1 branch of the dungeon, and saw 4 of its levels.
You also visited: Ossuary.

You collected 92 gold pieces.

Inventory:

Hand Weapons
 c - a +6 dagger of speed (weapon)
 h - a +0 dagger
 p - a +1 dagger of protection
 x - a +0 short sword
 y - a +2 dagger of speed
Missiles
 e - 10 poisoned darts (quivered)
 i - 138 stones
 v - 8 boomerangs
Armour
 t - a +0 pair of gloves (worn)
Jewellery
 f - a cursed ring of attention {unknown}
 q - an uncursed amulet of guardian spirit {unknown}
Scrolls
 a - 3 scrolls of fog {unknown}
 d - 2 scrolls of identify {unknown}
 g - 2 scrolls of amnesia {unknown}
 k - 2 scrolls of immolation
 n - a scroll of enchant weapon {unknown}
 o - a scroll of blinking {unknown}
 u - a scroll of remove curse {unknown}
 w - a scroll of teleportation {unknown}
Potions
 j - a potion of curing
 l - a potion of magic {unknown}
 r - a potion of ambrosia {unknown}
 s - a potion of brilliance
Comestibles
 b - 12 rations


   Skills:
 - Level 1.7 Dodging
 - Level 1.7 Stealth
 - Level 2.0 Spellcasting
 + Level 6.3 Conjurations


You had one spell level left.
You knew the following spells:

 Your Spells              Type           Power        Failure   Level  Hunger
a - Magic Dart            Conj           ####         1%          1    #......
b - Searing Ray           Conj           #####.       1%          2    ##.....
c - Iskenderun's Mystic   Conj           #####...     1%          4    #####..

Your spell library contained the following spells:

 Spells                   Type           Power        Failure   Level  Hunger
 Dazzling Spray           Conj/Hex       ####..       1%          3    ###....
 Force Lance              Conj/Tloc      ####....     4%          4    #####..
 Fulminant Prism          Conj/Hex       ####......   4%          4    #####..


Dungeon Overview and Level Annotations

Branches:
Dungeon (4/15)            Ossuary (1/1)
 Temple: D:4-7

Altars:
Ashenzari
Fedhas
Qazlal


Innate Abilities, Weirdness & Mutations

Your plain brown scales are hard. (AC +5)
You cannot fit into any form of body armour.
You are cold-blooded and may be slowed by cold attacks.


Message History

It was a potion of heal wounds.
You feel much better.
The big kobold zombie hits you but does no damage.
The mummy barely misses you. The mummy hits you! The hobgoblin zombie hits you.
A mummy comes into view.
A mummy comes into view.
A mummy comes into view.
The gnoll zombie's inner flame fades away.
The mummy hits you.
* * * LOW HITPOINT WARNING * * *
The mummy hits you!
* * * LOW HITPOINT WARNING * * *
The gnoll zombie hits you but does no damage.
The mummy's inner flame fades away.
You puncture the hobgoblin zombie!
The hobgoblin zombie explodes!
The fiery explosion engulfs you!!
Ouch! That really hurt!
You die...

############
##........M..
##......####.
#..M...##..## ..
#§§§MM##....##...
#@§§Z.M..........
##Z§..Z..........
##.............
#+##........#
##M.....#
##....## #....#
#....# #Z...#


You could see 5 mummies, a gnoll zombie, a kobold zombie (inner flame) and a big
kobold zombie.

Vanquished Creatures
  A mummy (Ossuary)
  3 adders (D:3)
  An ooze (D:2)
  2 worms (D:2)
  3 dart slugs
  3 leopard geckos
  4 orcs (D:3)
  4 giant cockroaches
  A gnoll zombie (Ossuary)
  7 goblins
  4 hobgoblins (D:2)
  A jackal (D:2)
  A quokka (D:2)
  13 bats
  7 frilled lizards
  A hobgoblin zombie (Ossuary)
  8 kobolds
  A kobold zombie (Ossuary)
  An orc zombie (Ossuary)
  8 rats
74 creatures vanquished.

Notes
Turn   | Place    | Note
-------+----------+-------------------------------------------
     0 | D:1      | Leeroy the Draconian Conjurer began the quest for the Orb.
     0 | D:1      | Reached XP level 1. HP: 14/14 MP: 3/3
   123 | D:1      | Reached XP level 2. HP: 9/20 MP: 3/5
   146 | D:1      | Learned a level 2 spell: Searing Ray
  1014 | D:2      | Reached skill level 5 in Conjurations
  1019 | D:2      | Reached XP level 3. HP: 23/26 MP: 6/6
  1307 | D:2      | Found a shattered altar of Ashenzari.
  1560 | D:3      | Found a faded altar of an unknown god.
  1575 | D:3      | Reached XP level 4. HP: 33/33 MP: 7/7
  1645 | D:3      | Found a stormy altar of Qazlal.
  1683 | D:3      | Found a blossoming altar of Fedhas.
  1820 | D:3      | Reached skill level 6 in Conjurations
  2139 | D:3      | Learned a level 4 spell: Iskenderun's Mystic Blast
  2363 | D:4      | Noticed an ogre
  2476 | D:4      | Found a sand-covered staircase.
  2483 | Ossuary  | Entered an ossuary
  2533 | Ossuary  | Reached XP level 5. HP: 20/38 MP: 1/8
  2580 | Ossuary  | Killed from afar by a hobgoblin zombie

Levels and vault maps discovered:
D:1:      co_arrival_random_square_maze, layout_loops_ring
D:2:      kennysheep_six_static_rooms, layout_rooms, old_standard_altar,
          minmay_tetromino_s2
D:3:      layout_rooms, fedhas_ov_isle_minmay, first_ration,
          chequers_ecumenical_altar_island, grunt_qazlal_sundering
D:4:      layout_cave_pools, marbit_many_paths, enter_ossuary_4,
          chequers_hall_statues_corner_a, serial_bayou_lagoon_b
Ossuary:  ossuary_tomb_3

Skill      XL: |  1  2  3  4 |
---------------+-------------+-----
Conjurations   | 5 6 |  6.3
Dodging        | |  1.7
Stealth        | |  1.7
Spellcasting   | |  2.0

Action                   |  1- 3 |  4- 6 || total
-------------------------+-------+-------++-------
Melee: Unarmed           |    41 |       ||    41
       Tailslap          |    12 |     7 ||    19
       Dagger            |   114 |    65 ||   179
 Cast: Magic Dart        |     9 |     4 ||    13
       Searing Ray       |     1 |     2 ||     3
       Iskenderun's Myst |       |     1 ||     1
  Use: Potion            |       |     3 ||     3
       Scroll            |       |     1 ||     1
 Stab: Sleeping          |     2 |       ||     2
  Eat: Chunk             |     2 |     2 ||     4
Armor: Skin              |    52 |    21 ||    73
Dodge: Dodged            |   130 |    23 ||   153

Table legend:
 A = Non-vault XP
 B = Vault XP
 C = Vault XP percentage of total XP
 D = Non-vault monster count
 E = Vault monster count
 F = Vault count percentage of total count
                 A         B        C        D         E       F
            +---------+---------+-------+---------+---------+-------
      Total |     156 |      40 |  20.4 |      61 |      13 |  17.6
            +---------+---------+-------+---------+---------+-------
        D:1 |      32 |       0 |   0.0 |      19 |       0 |   0.0
        D:2 |      43 |      17 |  28.3 |      22 |       8 |  26.7
        D:3 |      76 |       0 |   0.0 |      18 |       0 |   0.0
        D:4 |       5 |       0 |   0.0 |       2 |       0 |   0.0
    Ossuary |       0 |      23 | 100.0 |       0 |       5 | 100.0
            +---------+---------+-------+---------+---------+-------
